 Dungeon Crawl Stone Soup version 0.19-a0-1922-g1e9a4c1 (webtiles) character file.

73 Glaeka the Gusty (level 4, 0/21 HPs)
             Began as a Deep Elf Air Elementalist on Oct 24, 2016.
             Succumbed to an adder's poison
             ... on level 2 of the Dungeon.
             The game lasted 00:10:23 (671 turns).

Glaeka the Gusty (Deep Elf Air Elementalist)         Turns: 671, Time: 00:10:24

Health: 0/21       AC:  6    Str:  5    XL:     4   Next: 8%
Magic:  3/11       EV: 13    Int: 26    God:
Gold:   60         SH:  0    Dex: 15    Spells: 3 memorised, 5 levels left

rFire  . . .     SeeInvis .     a - +0 flail
rCold  . . .     Gourm    .     d - +0 robe
rNeg   . . .     Faith    .     (no shield)
rPois  .         Spirit   .     (no helmet)
rElec  .         Reflect  .     (no cloak)
rCorr  .         Harm     .     (no gloves)
MR     .....     Rnd*Rage +     (no boots)
Stlth  ++........               (no amulet)
                                (no ring)
                                (no ring)

@: brilliant, lethally poisoned (0 -> -3), repel missiles
A: molten scales 1, slimy green scales 1, berserk 1, frail 1
a: no special abilities


You were on level 2 of the Dungeon.
You were not hungry.

You visited 1 branch of the dungeon, and saw 2 of its levels.

You collected 60 gold pieces.

Inventory:

Hand Weapons
 a - a +0 flail (weapon)
Armour
 d - a +0 robe (worn)
Scrolls
 f - a scroll of fog {unknown}
 g - a scroll of blinking {unknown}
 h - a scroll of enchant armour {unknown}
 j - a scroll of identify {unknown}
Books
 b - a book of Air

   Spells                             Type                      Level
   a - Shock                          Conjuration/Air              1
   b - Swiftness                      Charms/Air                   2
   c - Repel Missiles                 Charms/Air                   2
   d - Static Discharge               Conjuration/Air              3
   e - Lightning Bolt                 Conjuration/Air              5
Comestibles
 c - 2 bread rations
 k - a chunk of flesh


   Skills:
 + Level 0.1 Fighting
   Level 0.2 Axes
 - Level 2.4 Dodging
 - Level 2.4 Stealth
 + Level 3.5 Spellcasting
 + Level 1.4 Conjurations
 * Level 4.4 Air Magic


You had 5 spell levels left.
You knew the following spells:

 Your Spells              Type           Power        Failure   Level  Hunger
a - Shock                 Conj/Air       ####         1%          1    None
b - Swiftness             Chrm/Air       ####....     1%          2    #......
c - Repel Missiles        Chrm/Air       ####..       1%          2    #......


Dungeon Overview and Level Annotations

Branches:
Dungeon (2/15)

Altars:


Innate Abilities, Weirdness & Mutations

You are partially covered in molten scales. (AC +2)
You are partially covered in slimy green scales. (AC +2)
You tend to lose your temper in combat.
You are frail. (-10% HP)


Message History

You feel clever.
* * * LOW HITPOINT WARNING * * *
You feel sick.
You see here an adder corpse.
You butcher the adder corpse.
You see here a chunk of flesh.
k - a chunk of flesh
* * * LOW HITPOINT WARNING * * *
You feel sick.
It was a potion of mutation.
You feel extremely strange.
Molten scales grow over part of your body.
You feel a little pissed off.
You feel the urge to shout.
It was a potion of brilliance.
You feel clever all of a sudden.
* * * LOW HITPOINT WARNING * * *
You feel sick.
You feel extremely strange.
You feel frail.
Your urge to shout disappears.
Slimy green scales grow over part of your body.
You die...

##############
#....@.......#
#.##########.# #.#
#.# .........# #.#
###..##..# #.# #.
#..#########.######
#
?.............)...#
#.###..#####..###.#
#.# #.....).......#


There were no monsters in sight!

Vanquished Creatures
  An adder (D:2)
  4 oozes
  A dart slug (D:1)
  2 leopard geckos (D:1)
  A ball python (D:2)
  2 bats (D:1)
  6 giant cockroaches (D:1)
  5 goblins (D:1)
  2 hobgoblins
  2 jackals (D:1)
  2 frilled lizards (D:1)
  5 kobolds
  7 rats
40 creatures vanquished.

Notes
Turn   | Place    | Note
-------+----------+-------------------------------------------
     0 | D:1      | Glaeka the Deep Elf Air Elementalist began the quest for the Orb.
     0 | D:1      | Reached XP level 1. HP: 10/10 MP: 6/6
     1 | D:1      | Found a runed door.
   149 | D:1      | Reached XP level 2. HP: 9/15 MP: 0/8
   153 | D:1      | Learned a level 2 spell: Swiftness
   156 | D:1      | Learned a level 2 spell: Repel Missiles
   543 | D:1      | Reached skill level 4 in Air Magic
   543 | D:1      | Reached XP level 3. HP: 15/19 MP: 5/9
   660 | D:2      | Reached XP level 4. HP: 3/24 MP: 2/11
   664 | D:2      | Gained mutation: You are partially covered in molten scales. (AC +2) [potion of mutation]
   664 | D:2      | Gained mutation: You tend to lose your temper in combat. [potion of mutation]
   664 | D:2      | Gained mutation: You occasionally shout uncontrollably at your foes. [potion of mutation]
   667 | D:2      | HP: 1/24 [poisoned by an adder]
   668 | D:2      | Gained mutation: You are frail. (-10% HP) [potion of mutation]
   668 | D:2      | Lost mutation: You occasionally shout uncontrollably at your foes. [potion of mutation]
   668 | D:2      | Gained mutation: You are partially covered in slimy green scales. (AC +2) [potion of mutation]
   671 | D:2      | Succumbed to an adder's poison

Vault maps used:
D:1:      dpeg_arrival_caged_fury

Skill      XL: |  1  2 |
---------------+-------+-----
Air Magic      | 4 |  4.4
Fighting       | |  0.1
Axes           | |  0.2
Dodging        | |  2.4
Stealth        | |  2.4
Spellcasting   | |  3.5
Conjurations   | |  1.4

Action                   |  1- 3 |  4- 6 || total
-------------------------+-------+-------++-------
Melee: Hand axe          |    17 |       ||    17
       Unarmed           |     2 |       ||     2
       Flail             |     5 |       ||     5
 Cast: Shock             |    52 |     1 ||    53
       Repel Missiles    |     1 |       ||     1
  Use: Potion            |       |     3 ||     3
Armor: Robe              |     8 |       ||     8
Dodge: Dodged            |    18 |       ||    18
